 Dungeon Crawl Stone Soup version 0.22-a0-799-g88f5e90 (webtiles) character file.

49 Hebeh the Conjurer (level 3, -1/19 HPs)
             Began as a Deep Elf Conjurer on July 21, 2018.
             Was an Initiate of Vehumet.
             Slain by a goblin
             ... wielding a +0 dagger
             ... led by Robin
              (3 damage)
             ... on level 2 of the Dungeon.
             The game lasted 00:04:23 (1186 turns).

Hebeh the Conjurer (Deep Elf Conjurer)              Turns: 1186, Time: 00:04:27

Health: -1/19      AC:  2    Str:  5    XL:     3   Next: 51%
Magic:  2/10       EV: 13    Int: 20    God:    Vehumet [......]
Gold:   54         SH:  0    Dex: 15    Spells: 7/10 levels left

rFire    . . .     SeeInvis .   d - +0 club
rCold    . . .     Gourm    .   (no shield)
rNeg     . . .     Faith    .   a - +0 robe
rPois    .         Spirit   .   (no helmet)
rElec    .         Reflect  .   (no cloak)
rCorr    .         Harm     .   (no gloves)
MR       .....                  (no boots)
Stlth    ++........             (no amulet)
HPRegen  0.06/turn              (no ring)
MPRegen  0.12/turn              (no ring)

@: no status effects
A: no striking features
a: Renounce Religion


You were on level 2 of the Dungeon.
You worshipped Vehumet.
Vehumet was noncommittal.
You were not hungry.

You visited 1 branch of the dungeon, and saw 2 of its levels.

You collected 54 gold pieces.

Inventory:

Hand Weapons
 d - a +0 club (weapon)
Missiles
 h - 12 arrows
Armour
 a - a +0 robe (worn)
Jewellery
 j - a +3 ring of protection {unknown}
 p - an uncursed ring of protection from cold {unknown}
Scrolls
 e - a scroll of random uselessness {unknown}
 f - a scroll of fear {unknown}
 i - 4 scrolls of identify {unknown}
 k - a scroll of enchant armour {unknown}
 m - 3 scrolls of remove curse {unknown}
 n - a scroll of amnesia {unknown}
Potions
 b - a potion of flight {unknown}
 g - a potion of lignification {unknown}
 l - a potion of mutation {unknown}
Comestibles
 c - 6 rations
 o - 7 chunks of flesh


   Skills:
 - Level 2.4 Dodging
 - Level 2.4 Stealth
 + Level 4.3 Spellcasting
 + Level 5.2 Conjurations


You had 7 spell levels left.
You knew the following spells:

 Your Spells              Type           Power        Failure   Level  Hunger
a - Magic Dart            Conj           ####         1%          1    None
b - Searing Ray           Conj           ####..       2%          2    #......

Your spell library contained the following spells:

 Spells                   Type           Power        Failure   Level  Hunger
 Iskenderun's Mystic Bla  Conj           ####....     14%         4    ####...
 Fulminant Prism          Conj/Hex       ##........   38%         4    ####...
 Dazzling Spray           Conj/Hex       ##....       13%         3    ###....
 Force Lance              Conj/Tloc      ##......     38%         4    ####...


Dungeon Overview and Level Annotations

Branches:
Dungeon (2/15)

Altars:
Hepliaklqana
Vehumet

Annotations:
D:2 Robin


Message History

Casting: Magic Dart (safe; 1% risk of failure)
Confirm with . or Enter, or press ? or * to list all spells.
You don't know that spell.
Unknown command.
Casting: Magic Dart (safe; 1% risk of failure)
Confirm with . or Enter, or press ? or * to list all spells.
You don't know that spell.
Casting: Magic Dart (safe; 1% risk of failure)
Confirm with . or Enter, or press ? or * to list all spells.
Aiming: Searing Ray (safe; 2% risk of failure)
Press: ? - help, Shift-Dir - straight line, f/p - Robin
Aim: Robin, wielding a trident of protection, wearing an animal skin and wearing a helmet (moderately wounded)
The searing ray hits Robin.
Robin is moderately wounded. (Press . to maintain the ray.)
The hobgoblin no longer looks unusually strong.
The goblin no longer looks unusually strong.
A goblin comes into view. It is wielding a club.
The goblin hits you with a dagger.
You die...

#<####..# #.# )†# #.#
#..## #.#####)## ..#
#...#### #.##.#.g.#
######......# #.#......
####........# #.##.#...
##..........# #.##.##g#
##.#........# #.##.##.#
##.###...#..####.##.##.#
##.# #.........g@#...#.#
##.# #####..###.gg...g.#
##.# #####..####.#...###
##.###............#.#.#
.......###..........##.#
##.........######.### ##
########### ##. #.


You could see Robin, a hobgoblin and 2 goblins.

Vanquished Creatures
  2 adders (D:2)
  A dart slug (D:2)
  A leopard gecko (D:2)
  2 giant cockroaches
  4 goblins (D:2)
  5 hobgoblins
  3 bats
  3 frilled lizards
  4 kobolds
  2 rats (D:2)
27 creatures vanquished.

Notes
Turn   | Place    | Note
-------+----------+-------------------------------------------
     0 | D:1      | Hebeh the Deep Elf Conjurer began the quest for the Orb.
     0 | D:1      | Reached XP level 1. HP: 10/10 MP: 6/6
   540 | D:2      | Reached XP level 2. HP: 15/15 MP: 4/8
   598 | D:2      | Found a radiant altar of Vehumet.
   609 | D:2      | Became a worshipper of Vehumet
   836 | D:2      | Learned a level 2 spell: Searing Ray
   864 | D:2      | Found a hazy altar of Hepliaklqana.
   970 | D:2      | Reached skill level 5 in Conjurations
   970 | D:2      | Reached XP level 3. HP: 19/19 MP: 5/10
  1166 | D:2      | Noticed Robin
  1186 | D:2      | Slain by a goblin

Vault maps used:
D:1:      saegor_arrival_miasma
D:2:      vehumet_crystals, nicolae_overflow_hidden_temple, uniq_robin

Skill      XL: |  1  2 |
---------------+-------+-----
Spellcasting   | 4 |  4.3
Conjurations   | 5 |  5.2
Dodging        | |  2.4
Stealth        | |  2.4

Action                   || total
-------------------------++-------
Melee: Club              ||     5
 Cast: Magic Dart        ||    60
       Searing Ray       ||     1
  Eat: Chunk             ||     1
Armor: Robe              ||     5
Dodge: Dodged            ||     7

Table legend:
 A = Spawn XP
 B = Non-spawn XP
 C = Spawn XP percentage of total XP
 D = Spawn monster count
 E = Non-spawn monster count
 F = Spawn count percentage of total count
 G = Total turns spent on level
                    A         B        C        D         E        F      G
               +---------+---------+-------+---------+---------+-------+---------
         Total |       0 |      70 |   0.0 |       0 |      27 |   0.0 |  1186
               +---------+---------+-------+---------+---------+-------+---------
           D:1 |       0 |      11 |   0.0 |       0 |       7 |   0.0 |   524
           D:2 |       0 |      59 |   0.0 |       0 |      20 |   0.0 |   662
               +---------+---------+-------+---------+---------+-------+---------
